 Dungeon Crawl Stone Soup version 0.30-a0-723-gc1506a1cf0 (webtiles) character file.

Game seed: 2446334034365477464

105 Leeroy the Grasshopper (level 4, -9/38 HPs)
             Began as a Gnoll Warper on Jan 28, 2023.
             Blown up by Ijyb (20 damage)
             ... with a mindburst bolt
             ... on level 3 of the Dungeon.
             The game lasted 00:02:10 (1658 turns).

Leeroy the Grasshopper (Gnoll Warper)               Turns: 1658, Time: 00:02:10

Health: -9/38      AC: 10    Str: 11    XL:     4   Next: 83%
Magic:  11/11      EV: 13    Int: 12    God:
Gold:   97         SH:  0    Dex: 13    Spells: 1/13 levels left

rFire   + . .      SeeInvis .    f - +2 dagger (protect)
rCold   x . .      Faith    .    (no shield)
rNeg    . . .      Spirit   .    b - +0 leather armour
rPois   .          Reflect  .    (no helmet)
rElec   .          Harm     .    (no cloak)
rCorr   .          Rampage  .    (no gloves)
Will    .....                    (no boots)
Stlth   +                        (no amulet)
HPRegen 0.26/turn                n - ring of fire
MPRegen 0.12/turn                (no ring)

@: under a protective aura
A: fangs 1, strong nose, distributed training
a: no special abilities


You were on level 3 of the Dungeon.
You visited 1 branch of the dungeon, and saw 3 of its levels.

You collected 97 gold pieces.

Inventory:

Hand Weapons
 a - a +0 falchion
 f - a +2 dagger of protection (weapon)
Missiles
 d - 7 boomerangs of dispersal (quivered)
Armour
 b - a +0 leather armour (worn)
Jewellery
 n - a ring of fire (left hand)
Scrolls
 c - a scroll of blinking
 g - 3 scrolls of identify {unknown}
 k - a scroll of fear {unknown}
 l - a scroll of torment {unknown}
Potions
 e - a potion of curing
 h - a potion of flight {unknown}
 i - a potion of ambrosia {unknown}
 j - a potion of magic {unknown}
 m - a potion of resistance {unknown}
 o - a potion of degeneration {unknown}


   Skills:
 + Level 4.7 Fighting
 + Level 1.3 Short Blades
 + Level 4.7 Long Blades
 + Level 1.3 Axes
 + Level 1.3 Maces & Flails
 + Level 1.3 Polearms
 + Level 1.3 Staves
 + Level 1.3 Ranged Weapons
 + Level 2.8 Throwing
 + Level 2.8 Armour
 + Level 4.7 Dodging
 + Level 1.3 Stealth
 + Level 1.3 Shields
 + Level 1.3 Unarmed Combat
 + Level 5.1 Spellcasting
 + Level 1.0 Conjurations
 + Level 1.0 Hexes
 + Level 1.0 Summonings
 + Level 1.0 Necromancy
 + Level 5.5 Translocations
 + Level 1.0 Transmutations
 + Level 1.0 Fire Magic
 + Level 1.0 Ice Magic
 + Level 1.0 Air Magic
 + Level 1.0 Earth Magic
 + Level 1.0 Poison Magic
 + Level 1.4 Invocations
 + Level 1.3 Evocations


You had one spell level left.
You knew the following spells:

 Your Spells              Type           Power      Damage    Failure   Level
a - Blink                 Tloc           32%        N/A       4%          2
b - Vhi's Electric Charg  Tloc/Air       22%        N/A       19%         3
c - Manifold Assault      Tloc           16%        N/A       26%         4
d - Kindle Blastsparks    Fire/Tloc/Air  26%        2d12      26%         3

Your spell library contained the following spells:

 Spells                   Type           Power      Damage    Failure   Level
 Lesser Beckoning         Tloc           32%        N/A       4%          2
 Teleport Other           Tloc           16%        N/A       8%          3
 Ignite Poison            Fire/Tmut/Pois 8%         N/A       43%         3
 Freezing Cloud           Conj/Ice/Air   2%         6-21      99%         5


Dungeon Overview and Level Annotations

Branches:
Dungeon (3/15)

Altars:
Hepliaklqana

Shops:
D:2 !

Annotations:
D:3 Ijyb


Innate Abilities, Weirdness & Mutations

You have very sharp teeth.
Your uncanny sense of smell can sniff out nearby items.
Your experience applies equally to all skills.


Message History

Ijyb is nearby!
Ijyb is nearby!
Found a sharpened silver wand.
Ijyb screams, "I no like you!"
A dart slug comes into view.
Found a sapphire potion.
Ijyb hits you with a +0 dagger.
You barely miss Ijyb. Ijyb closely misses you.
You barely miss Ijyb. Ijyb hits you with a +0 dagger.
You closely miss Ijyb. Ijyb hits you with a +0 dagger.
You barely miss Ijyb. Ijyb barely misses you.
You hit Ijyb but do no damage.
Your weapon exudes an aura of protection.
Ijyb barely misses you.
You hit Ijyb.
Ijyb is lightly wounded.
Ijyb zaps a wand.
Your mind is blasted!
Ouch! That really hurt!
* * * LOW HITPOINT WARNING * * *
You are too injured to fight recklessly!
You are too injured to fight recklessly!
You are too injured to fight recklessly!
You are too injured to fight recklessly!
You are too injured to fight recklessly!
You are too injured to fight recklessly!
You hit Ijyb but do no damage.
Ijyb is lightly wounded.
Ijyb hits you but does no damage.
It was a potion of curing.
You feel better.
Ijyb screams, "You nasty!
Big nasty!"
Ijyb zaps a wand.
Your mind is blasted!
You barely miss Ijyb.
Ijyb is lightly wounded.
Ijyb screams, "No!
No, no, no, no!"
Ijyb hits you with a +0 dagger.
* * * LOW HITPOINT WARNING * * *
You hit Ijyb. Your bite misses Ijyb.
Ijyb is moderately wounded.
Ijyb zaps a wand.
Your mind is blasted!
Ouch! That really hurt!
You die...

#....###.## #.#..###)##
# #.........######..
..#............... #
###..#...>#.......
#####. #..#..#......#..
#.../.###....###...#....
#.................#...[#
#......@.<......#...#...
#.....g##...###....#..#.
####.#w #...# ###.# #.#.
# .. #...# #.# ## ...
...... #.#! #...### ....
...# .....


You could see Ijyb and a dart slug.

Vanquished Creatures
  A hound skeleton (D:2)
  2 adders (D:2)
  3 worms (D:2)
  2 dart slugs
  2 orcs (D:3)
  3 ball pythons
  3 bats (D:2)
  3 endoplasms (D:2)
  3 giant cockroaches
  5 goblins
  6 hobgoblins
  4 jackals (D:3)
  3 quokkas
  A ball python skeleton (D:2)
  3 frilled lizards
  7 kobolds
  2 quokka zombies (D:2)
  5 rats
58 creatures vanquished.

Vanquished Creatures (others)
  2 withered plants (D:2)
2 creatures vanquished.

Grand Total: 60 creatures vanquished

Notes
Turn   | Place    | Note
-------+----------+-------------------------------------------
     0 | D:1      | Leeroy the Gnoll Warper began the quest for the Orb.
     0 | D:1      | Reached XP level 1. HP: 20/20 MP: 6/6
   245 | D:1      | Reached XP level 2. HP: 23/26 MP: 7/7
   555 | D:1      | Reached skill level 5 in Spellcasting
   555 | D:1      | Reached XP level 3. HP: 31/31 MP: 7/9
   614 | D:2      | Found a hazy altar of Hepliaklqana.
   711 | D:2      | Found Judiok's Distillery.
   719 | D:2      | Reached skill level 1 in Invocations
   768 | D:2      | Reached skill level 1 in Short Blades
   768 | D:2      | Reached skill level 1 in Axes
   768 | D:2      | Reached skill level 1 in Maces & Flails
   768 | D:2      | Reached skill level 1 in Polearms
   768 | D:2      | Reached skill level 1 in Staves
   768 | D:2      | Reached skill level 1 in Ranged Weapons
   768 | D:2      | Reached skill level 1 in Stealth
   768 | D:2      | Reached skill level 1 in Shields
   768 | D:2      | Reached skill level 1 in Unarmed Combat
   768 | D:2      | Reached skill level 1 in Evocations
   990 | D:2      | Reached XP level 4. HP: 31/38 MP: 11/11
  1387 | D:2      | Reached skill level 1 in Conjurations
  1387 | D:2      | Reached skill level 1 in Hexes
  1387 | D:2      | Reached skill level 1 in Summonings
  1387 | D:2      | Reached skill level 1 in Necromancy
  1387 | D:2      | Reached skill level 1 in Transmutations
  1387 | D:2      | Reached skill level 1 in Fire Magic
  1387 | D:2      | Reached skill level 1 in Ice Magic
  1387 | D:2      | Reached skill level 1 in Air Magic
  1387 | D:2      | Reached skill level 1 in Earth Magic
  1387 | D:2      | Reached skill level 1 in Poison Magic
  1627 | D:3      | Learned a level 2 spell: Blink
  1631 | D:3      | Learned a level 3 spell: Vhi's Electric Charge
  1636 | D:3      | Learned a level 4 spell: Manifold Assault
  1640 | D:3      | Learned a level 3 spell: Kindle Blastsparks
  1645 | D:3      | Noticed Ijyb
  1658 | D:3      | Blown up by Ijyb

Illustrated notes

Levels and vault maps discovered:
D:1:      amcnicky_arrival_choice, layout_rooms, minmay_quantized
D:2:      layout_loops_ring, basic_altar, serial_undead, serial_undead_a,
          serial_undead_d, serial_undead_e, serial_undead_c, serial_shops,
          nicolae_shop_waterfront, st_stairs_3, serial_park_tiny_2
D:3:      layout_rooms, dk_xom_monty_hall, tgw_trog, grunt_ministairs_8,
          minmay_increasing_density, uniq_ijyb, uniq_natasha

Skill      XL: |  1  2  3  4 |
---------------+-------------+-----
Spellcasting   | 5 |  5.1
Invocations    | 1 |  1.4
Short Blades   | 1 |  1.3
Axes           | 1 |  1.3
Maces & Flails | 1 |  1.3
Polearms       | 1 |  1.3
Staves         | 1 |  1.3
Ranged Weapons | 1 |  1.3
Stealth        | 1 |  1.3
Shields        | 1 |  1.3
Unarmed Combat | 1 |  1.3
Evocations     | 1 |  1.3
Conjurations   | 1 |  1.0
Hexes          | 1 |  1.0
Summonings     | 1 |  1.0
Necromancy     | 1 |  1.0
Transmutations | 1 |  1.0
Fire Magic     | 1 |  1.0
Ice Magic      | 1 |  1.0
Air Magic      | 1 |  1.0
Earth Magic    | 1 |  1.0
Poison Magic   | 1 |  1.0
Fighting       | |  4.7
Long Blades    | |  4.7
Throwing       | |  2.8
Armour         | |  2.8
Dodging        | |  4.7
Translocations | |  5.5

Action                     |  1- 3 |  4- 6 || total
---------------------------+-------+-------++-------
  Melee: Dagger            |   137 |   104 ||   241
         Falchion          |    10 |       ||    10
         Bite              |    15 |    13 ||    28
         Punch             |       |     1 ||     1
    Use: Potion            |       |     1 ||     1
   Stab: Sleeping          |       |     1 ||     1
 Armour: Leather armour    |    53 |    33 ||    86
  Dodge: Dodged            |   115 |    83 ||   198

Table legend: (Time is in decaauts)
 A = Elapsed time spent in this place.
 B = Non-inter-level travel time spent in this place.
 C = Inter-level travel time spent in this place.
 D = Time resting spent in this place.
 E = Time spent auto-exploring this place.
 F = Levels seen in this place.
 G = Mean time per level.
                   A        B        C        D        E       F      G
               +--------+--------+--------+--------+--------+-----+--------+
         Total |   1647 |   1540 |    107 |      0 |   1091 |   3 |  549.0 |
       Dungeon |   1647 |   1540 |    107 |      0 |   1091 |   3 |  549.0 |
               +--------+--------+--------+--------+--------+-----+--------+

Top non-repeatable levels by time:
     D:2: 931 daAuts
     D:1: 590 daAuts
     D:3: 126 daAuts
